 Dungeon Crawl Stone Soup version 0.26-a0-850-g97a50ab700 (webtiles) character file.

Game seed: 7403292710093375137

35 miscthings the Ruffian (level 3, -1/28 HPs)
             Began as a Hill Orc Transmuter on Nov 20, 2020.
             Slain by an adder (4 damage)
             ... on level 3 of the Dungeon.
             The game lasted 00:02:36 (2315 turns).

miscthings the Ruffian (Hill Orc Transmuter)        Turns: 2315, Time: 00:02:37

Health: -1/28      AC:  2    Str: 13    XL:     3   Next: 35%
Magic:  4/5        EV: 11    Int: 13    God:
Gold:   137        SH:  8    Dex: 11    Spells: 4/5 levels left

rFire    . . .     SeeInvis .     - Unarmed
rCold    . . .     Faith    .   b - +0 buckler
rNeg     . . .     Spirit   .   a - +0 robe
rPois    +         Reflect  +   (helmet currently unavailable)
rElec    .         Harm     .   (no cloak)
rCorr    .         Rampage  .   (no gloves)
MR       .....                  (boots currently unavailable)
Stlth    ..........             g - amulet of reflection
HPRegen  0.09/turn              l - ring of poison resistance
MPRegen  0.09/turn              k - ring of attention (curse)

@: lethally poisoned (-1 -> -2), appendages
A: horns 2, talons 2
a: End Transformation


You were on level 3 of the Dungeon.
You had grown temporary horns.
You had grown temporary talons.
You visited 1 branch of the dungeon, and saw 3 of its levels.

You collected 137 gold pieces.

Inventory:

Hand Weapons
 j - a +0 battleaxe
Armour
 a - a +0 robe (worn)
 b - a +0 buckler (worn)
 d - a +0 kite shield
Jewellery
 g - an amulet of reflection (around neck)
 i - an uncursed ring of resist corrosion
 k - a cursed ring of attention (right hand)
 l - a ring of poison resistance (left hand)
Scrolls
 e - a scroll of random uselessness {unknown}
 m - a scroll of remove curse {unknown}
Potions
 c - a potion of invisibility
 f - 2 potions of brilliance
 h - a potion of curing


   Skills:
 - Level 1.2 Fighting
 + Level 1.9 Axes
 - Level 1.5 Dodging
 - Level 3.2 Unarmed Combat
 - Level 1.5 Spellcasting
 - Level 2.4 Transmutations


You had 4 spell levels left.
You knew the following spells:

 Your Spells              Type           Power        Failure   Level
a - Beastly Appendage     Tmut           #.....       17%         1

Your spell library contained the following spells:

 Spells                   Type           Power        Failure   Level
 Wereblood                Tmut           #.......     26%         2
 Spider Form              Tmut/Pois      #.........   63%         3
 Ice Form                 Ice/Tmut       #.......     95%         4
 Blade Hands              Tmut           #.........   99%         5


Dungeon Overview and Level Annotations

Branches:
Dungeon (3/15)

Altars:


Innate Abilities, Weirdness & Mutations

You have a pair of horns on your head.
You have razor-sharp toenails.


Message History

* * * LOW HITPOINT WARNING * * *
Casting: Beastly Appendage (safe; 17% risk of failure)
Confirm with . or Enter, or press ? or * to list all spells.
You grow a pair of large bovine horns.
Your feet morph into talons.
You feel sick. The adder misses you.
You miss the adder.
The adder is lightly wounded.
You block the adder's attack. The adder misses you.
You closely miss the adder. Your headbutt misses the adder.
The adder is lightly wounded.
The adder closely misses you.
You closely miss the adder. Your kick misses the adder.
Your headbutt misses the adder.
The adder is lightly wounded.
The adder bites you.
* * * LOW HITPOINT WARNING * * *
You barely miss the adder.
The adder is lightly wounded.
You feel sick. The adder bites you.
You die... #.#..# ... #....# ##... ###..# ...# #..# ## ... #..# .. oo#

#..# .# #..#
.# #..####.###
#....@S...#
#.#####.#.#
#.........
#...........
#######.......
##..... ###.#
..


You could see an adder.

Vanquished Creatures
  An adder (D:3)
  2 worms (D:2)
  A dart slug (D:2)
  2 ball pythons
  A giant cockroach (D:1)
  2 goblins (D:1)
  A hobgoblin (D:1)
  5 bats
  A frilled lizard (D:2)
  2 kobolds
  2 rats (D:1)
20 creatures vanquished.

Notes
Turn   | Place    | Note
-------+----------+-------------------------------------------
     0 | D:1      | miscthings the Hill Orc Transmuter began the quest for the
                  | Orb.
     0 | D:1      | Reached XP level 1. HP: 16/16 MP: 3/3
   325 | D:1      | Reached XP level 2. HP: 14/23 MP: 2/4
  1457 | D:2      | Reached skill level 1 in Axes
  1457 | D:2      | Reached XP level 3. HP: 14/28 MP: 3/5
  2315 | D:3      | Slain by an adder

Illustrated notes

Levels and vault maps discovered:
D:1:      minmay_arrival_widening_spiral_wide, layout_basic
D:2:      layout_basic
D:3:      layout_loops_ring, lemuel_crystal_altar,
          chequers_ecumenical_altar_simple, minmay_circle_x

Skill      XL: |  1  2 |
---------------+-------+-----
Transmutations | 2 |  2.4
Axes           | 1 |  1.9
Fighting       | |  1.2
Dodging        | |  1.5
Unarmed Combat | |  3.2
Spellcasting   | |  1.5

Action                   || total
-------------------------++-------
Melee: Unarmed           ||    86
       Kick              ||    10
       Headbutt          ||     7
 Cast: Beastly Appendage ||    17
  Use: Scroll            ||     3
 Stab: Sleeping          ||     1
Armor: Robe              ||     9
Dodge: Dodged            ||    60
Block: Other             ||    12
       Reflection        ||     1
       Buckler           ||     8

Table legend: (Time is in decaauts)
 A = Elapsed time spent in this place.
 B = Non-inter-level travel time spent in this place.
 C = Inter-level travel time spent in this place.
 D = Time resting spent in this place.
 E = Time spent auto-exploring this place.
 F = Levels seen in this place.
 G = Mean time per level.
                   A        B        C        D        E       F      G
               +--------+--------+--------+--------+--------+-----+--------+
         Total |   2307 |   2202 |    105 |    552 |   1410 |   3 |  769.0 |
       Dungeon |   2307 |   2202 |    105 |    552 |   1410 |   3 |  769.0 |
               +--------+--------+--------+--------+--------+-----+--------+

Top non-repeatable levels by time:
     D:2: 1032 daAuts
     D:1: 920 daAuts
     D:3: 355 daAuts
